 Dungeon Crawl Stone Soup version 0.19-a0-1922-g1e9a4c1 (webtiles) character file.

79 Jraekied the Vandal (level 4, -7/35 HPs)
             Began as a Demonspawn Hunter on Oct 24, 2016.
             Mangled by TheGoonsmith's ghost (13 damage)
             ... on level 3 of the Dungeon.
             The game lasted 00:04:10 (1841 turns).

Jraekied the Vandal (Demonspawn Hunter)             Turns: 1841, Time: 00:04:11

Health: -7/35      AC:  4    Str: 12    XL:     4   Next: 16%
Magic:  0/4        EV: 12    Int: 13    God:
Gold:   88         SH:  0    Dex: 14    Spells: 0 memorised, 3 levels left

rFire  + . .     SeeInvis .     b - +0 short sword
rCold  + . .     Gourm    .     c - +0 leather armour
rNeg   . . .     Faith    .     (no shield)
rPois  +         Spirit   +     (no helmet)
rElec  +         Reflect  .     s - +0 cloak
rCorr  +         Harm     .     (no gloves)
MR     .....                    (no boots)
Stlth  +.........               (no amulet)
                                (no ring)
                                (no ring)

@: resistant
A: talons 1, deterioration 1, sense surroundings 1, magic shield, MP-powered
wands
a: no special abilities


You were on level 3 of the Dungeon.
You were not hungry.

You visited 1 branch of the dungeon, and saw 3 of its levels.

You collected 88 gold pieces.

Inventory:

Hand Weapons
 a - a +1 hunting sling
 b - a +0 short sword (weapon)
Missiles
 d - 55 sling bullets
 e - 9 stones (quivered)
Armour
 c - a +0 leather armour (worn)
 s - a +0 cloak (worn)
Jewellery
 p - an uncursed ring of positive energy {unknown}
Scrolls
 k - a scroll of noise {unknown}
 l - 5 scrolls of teleportation {unknown}
 m - a scroll of enchant weapon {unknown}
 o - a scroll of recharging {unknown}
 q - 2 scrolls of fear {unknown}
 r - a scroll of identify {unknown}
 t - a scroll of amnesia {unknown}
Potions
 j - a potion of degeneration {unknown}
 n - a potion of heal wounds {unknown}
Comestibles
 f - 2 bread rations
 i - a royal jelly


   Skills:
 + Level 3.1 Fighting
 * Level 4.6 Slings
 - Level 1.7 Dodging
 - Level 0.8 Stealth


You had 3 spell levels left.
You didn't know any spells.

Dungeon Overview and Level Annotations

Branches:
Dungeon (3/15)

Altars:
Gozag

Annotations:
D:3 TheGoonsmith's ghost, amateur HOGl


Innate Abilities, Weirdness & Mutations

You have sharp toenails.
When hurt, damage is shared between your health and your magic reserves.
Your body sometimes deteriorates upon taking damage.
You passively map a small area around you.
You expend magic power (3 MP) to strengthen your wands.


Message History

TheGoonsmith's ghost is lightly damaged.
TheGoonsmith's ghost barely misses you.
Firing (i - inventory. (,) - cycle):
e - 10 stones (quivered)
Press: ? - help, Shift-Dir - straight line, f/p - TheGoonsmith's ghost
Aim: TheGoonsmith's ghost (lightly damaged)
You shoot a stone.
The stone hits TheGoonsmith's ghost but does no damage.
TheGoonsmith's ghost is lightly damaged.
TheGoonsmith's ghost hits you!
b - a +0 short sword (weapon)
TheGoonsmith's ghost misses you.
You hit TheGoonsmith's ghost but do no damage.
Your kick misses TheGoonsmith's ghost.
TheGoonsmith's ghost is lightly damaged.
TheGoonsmith's ghost hits you!
* * * LOW HITPOINT WARNING * * *
You closely miss TheGoonsmith's ghost.
TheGoonsmith's ghost is lightly damaged.
TheGoonsmith's ghost hits you!
You die...

## #...#####.#* ,
,* #...# # #...# ,
#...# **
#######...##
#..........##
#((.........#
#(###$......#####
*
.............W@..#
.#.####.....####.#
##...## # ....?##
*####.# * #.#* * ,
, , ..., , * , ...
,


You could see TheGoonsmith's ghost.

Vanquished Creatures
  An adder (D:2)
  A dart slug (D:1)
  6 giant cockroaches
  8 hobgoblins
  8 jackals (D:1)
  2 quokkas (D:3)
  2 ball pythons
  9 bats
  3 frilled lizards
  10 goblins
  4 kobolds (D:1)
  6 rats (D:1)
60 creatures vanquished.

Notes
Turn   | Place    | Note
-------+----------+-------------------------------------------
     0 | D:1      | Jraekied the Demonspawn Hunter began the quest for the Orb.
     0 | D:1      | Reached XP level 1. HP: 16/16 MP: 1/1
   120 | D:1      | Gained mutation: When hurt, damage is shared between your health and your magic reserves. [demonic ancestry]
   120 | D:1      | Reached XP level 2. HP: 9/23 MP: 2/2
   475 | D:1      | Reached skill level 4 in Slings
   539 | D:1      | Reached XP level 3. HP: 28/28 MP: 3/3
   978 | D:2      | Found an opulent altar of Gozag.
  1298 | D:2      | Gained mutation: You have sharp toenails. [demonic ancestry]
  1298 | D:2      | Reached XP level 4. HP: 31/35 MP: 2/4
  1823 | D:3      | Noticed TheGoonsmith's ghost (amateur HOGl)
  1836 | D:3      | Gained mutation: Your body sometimes deteriorates upon taking damage. [potion of mutation]
  1836 | D:3      | Gained mutation: You expend magic power (3 MP) to strengthen your wands. [potion of mutation]
  1836 | D:3      | Gained mutation: You passively map a small area around you. [potion of mutation]
  1841 | D:3      | Mangled by TheGoonsmith's ghost

Vault maps used:
D:1:      onia_arrival_handbag, st_stairs_14
D:2:      grunt_gozag_statues
D:3:      doesnt_xom_only_xom

Skill      XL: |  1  2  3 |
---------------+----------+-----
Slings         | 4 |  4.6
Fighting       | 3 |  3.1
Dodging        | |  1.7
Stealth        | |  0.8

Action                   |  1- 3 |  4- 6 || total
-------------------------+-------+-------++-------
Melee: Short sword       |    28 |     2 ||    30
 Fire: Hunting sling     |   104 |    27 ||   131
  Use: Potion            |       |     2 ||     2
  Eat: Chunk             |     1 |     2 ||     3
Armor: Leather armour    |    11 |       ||    11
Dodge: Dodged            |    33 |     3 ||    36
